 Dungeon Crawl Stone Soup version 0.19.1 (webtiles) character file.

431 Host24 the Magician (level 7, -5/44 HPs)
             Began as a Kobold Necromancer on Dec 18, 2016.
             Slain by Sigmund
             ... wielding a +0 scythe of slicing
              (12 damage)
             ... on level 4 of the Dungeon.
             The game lasted 00:17:13 (4323 turns).

Host24 the Magician (Kobold Necromancer)            Turns: 4323, Time: 00:17:15

Health: -5/44      AC:  2    Str:  5    XL:     7   Next: 19%
Magic:  12/14      EV: 19    Int: 22    God:
Gold:   133        SH:  0    Dex: 16    Spells: 3 memorised, 11 levels left

rFire  . . .     SeeInvis .     v - +1 blowgun
rCold  . . .     Gourm    .     a - +0 robe
rNeg   . . .     Faith    .     (shield restricted)
rPois  .         Spirit   .     (no helmet)
rElec  .         Reflect  .     (no cloak)
rCorr  .         Harm     .     (no gloves)
MR     .....                    (no boots)
Stlth  ++........               (no amulet)
                                t - +3 ring of evasion
                                i - +4 ring of intelligence

@: lethally poisoned (-5 -> -7)
A: carnivore 3
a: no special abilities


You were on level 4 of the Dungeon.
You were completely stuffed.

You visited 1 branch of the dungeon, and saw 4 of its levels.
You also visited: Sewer.

You collected 133 gold pieces.

Inventory:

Hand Weapons
 f - a +2 dagger of speed
 g - a +0 short sword
 j - a +0 hunting sling
 u - a cursed -2 dagger
 v - a +1 blowgun (weapon)
Missiles
 d - 114 stones
 m - 33 poisoned needles (quivered)
 q - 23 sling bullets
 w - 26 arrows
Armour
 a - a +0 robe (worn)
 k - a +0 buckler
Jewellery
 i - a +4 ring of intelligence (left hand)
 n - an uncursed ring of positive energy
 t - a +3 ring of evasion (right hand)
Wands
 s - a wand of random effects (31/48)
Scrolls
 e - a scroll of remove curse
 h - 2 scrolls of identify
 l - a scroll of amnesia
 r - a scroll of enchant weapon
 x - a scroll of recharging {unknown}
 y - a scroll of fear
 z - a scroll of fog {unknown}
Books
 b - a book of Necromancy

   Spells                             Type                      Level
   a - Pain                           Necromancy                   1
   b - Animate Skeleton               Necromancy                   1
   c - Vampiric Draining              Necromancy                   3
   d - Regeneration                   Charms/Necromancy            3
   e - Animate Dead                   Necromancy                   4
   f - Control Undead                 Necromancy                   4
Comestibles
 c - 4 meat rations
 o - 6 chunks of flesh
 p - a beef jerky


   Skills:
 + Level 5.0 Fighting
 - Level 1.0 Throwing
 - Level 3.2 Dodging
 - Level 2.6 Stealth
 - Level 5.0 Spellcasting
 - Level 4.0 Necromancy


You had 11 spell levels left.
You knew the following spells:

 Your Spells              Type           Power        Failure   Level  Hunger
a - Pain                  Necr           ###.         1%          1    None
b - Animate Skeleton      Necr           N/A          1%          1    None
c - Vampiric Draining     Necr           ###.......   8%          3    ##.....


Dungeon Overview and Level Annotations

Branches:
Dungeon (4/15)
 Temple: D:4-7

Altars:
Makhleb
Nemelex Xobeh
Vehumet
Xom

Annotations:
D:4 Sigmund


Innate Abilities, Weirdness & Mutations

You are small and have problems with some larger weapons.
You are carnivorous and can eat meat at any time.


Message History

Press: ? - help, Shift-Dir - straight line, f - adder
Aim: an adder (chance to defeat MR: 88%)
The adder barely resists.
You feel sick. The adder bites you.
Casting: Pain
Confirm with . or Enter, or press ? or * to list all spells.
Aiming: Pain
Press: ? - help, Shift-Dir - straight line, f/p - adder
Aim: an adder (chance to defeat MR: 88%)
The adder writhes in agony!
The adder bites you. x2
* * * LOW HITPOINT WARNING * * *
Firing (i - inventory. (,) - cycle):
m - 34 poisoned needles (quivered)
Press: ? - help, Shift-Dir - straight line, f/p - adder
Aim: an adder (moderately wounded)
You shoot a poisoned needle.
The poisoned needle barely misses the adder.
The adder bites you.
* * * LOW HITPOINT WARNING * * *
Your gnoll skeleton hits the adder with a spear.
Something hits you!
You die...

#######
#..@..#####
#..ZS)#..$$
#..{.(...#
#.....#.##
#..†..#..#
###.###.#.# . #
#)# #.#######..#.
#.# #...........#
#.###..########.#


You could see an adder and a friendly gnoll skeleton.

Vanquished Creatures
  A crocodile (Sewer)
  A jelly (D:3)
  An iron imp (D:3)
  Ijyb (D:3)
  2 hounds
  2 gnolls (D:4)
  8 adders
  A river rat (D:3)
  2 oozes
  7 leopard geckos
  An orc (D:3)
  3 ball pythons (D:3)
  5 bats
  6 giant cockroaches
  4 goblins
  8 hobgoblins
  8 jackals
  14 kobolds
  3 frilled lizards
  6 rats
84 creatures vanquished.

Vanquished Creatures (collateral kills)
  A howler monkey (D:4)
1 creature vanquished.

Vanquished Creatures (others)
  2 plants (D:1)
2 creatures vanquished.

Grand Total: 87 creatures vanquished

Notes
Turn   | Place    | Note
-------+----------+-------------------------------------------
     0 | D:1      | Host24 the Kobold Necromancer began the quest for the Orb.
     0 | D:1      | Reached XP level 1. HP: 10/10 MP: 3/3
     2 | D:1      | Learned a level 1 spell: Animate Skeleton
   148 | D:1      | Reached XP level 2. HP: 9/15 MP: 0/5
   515 | D:1      | Reached skill level 1 in Fighting
   627 | D:1      | Reached XP level 3. HP: 14/20 MP: 2/7
  1654 | D:2      | Reached XP level 4. HP: 25/27 MP: 4/8
  2037 | D:2      | Found a shimmering altar of Xom.
  2377 | D:3      | Found a sparkling altar of Nemelex Xobeh.
  2410 | D:3      | Learned a level 3 spell: Vampiric Draining
  2492 | D:3      | Found a burning altar of Makhleb.
  2608 | D:3      | Found a radiant altar of Vehumet.
  2618 | D:3      | Reached XP level 5. HP: 20/32 MP: 0/10
  2652 | D:3      | Found a glowing drain.
  2789 | Sewer    | Entered a sewer
  3061 | Sewer    | Noticed a crocodile
  3169 | Sewer    | Killed a crocodile
  3169 | Sewer    | Reached XP level 6. HP: 19/37 MP: 11/13
  3315 | D:3      | Reached skill level 5 in Spellcasting
  3446 | D:3      | Reached skill level 1 in Throwing
  3836 | D:3      | Noticed Ijyb
  3853 | D:3      | Killed Ijyb
  4089 | D:4      | Found a burning altar of Makhleb.
  4095 | D:4      | Reached XP level 7. HP: 40/44 MP: 8/14
  4275 | D:4      | Noticed Sigmund
  4311 | D:4      | Reached skill level 5 in Fighting
  4323 | D:4      | Slain by Sigmund

Skill      XL: |  1  2  3  4  5  6  7 |
---------------+----------------------+-----
Spellcasting   | 3 4 5 |  5.0
Fighting       | 1 2 3 4 5 |  5.0
Dodging        | 3 |  3.2
Throwing       | 1 |  1.0
Stealth        | |  2.6
Necromancy     | |  4.0

Action                   |  1- 3 |  4- 6 |  7- 9 || total
-------------------------+-------+-------+-------++-------
Melee: Dagger            |    19 |    24 |       ||    43
 Fire: Blowgun           |       |    35 |     4 ||    39
       Hunting sling     |       |     5 |       ||     5
 Cast: Pain              |    52 |   105 |    15 ||   172
       Animate Skeleton  |    13 |    17 |     3 ||    33
  Use: Scroll            |     1 |     4 |       ||     5
       Potion            |       |     6 |       ||     6
 Stab: Sleeping          |     2 |       |       ||     2
  Eat: Chunk             |    11 |     8 |       ||    19
Armor: Robe              |     4 |     6 |       ||    10
Dodge: Dodged            |    23 |    61 |    10 ||    94
